 Dungeon Crawl Stone Soup version 0.29-a0-321-gf1c400731a (webtiles) character file.

Game seed: 11733790193373318490

15 Leszczynek the Chopper (level 2, -1/23 HPs)
             Began as a Human Gladiator on Apr 4, 2022.
             Killed from afar by Ijyb (5 damage)
             ... with a puff of flame
             ... on level 3 of the Dungeon.
             The game lasted 00:01:56 (365 turns).

Leszczynek the Chopper (Human Gladiator)             Turns: 365, Time: 00:01:57

Health: -1/23      AC:  4    Str: 14    XL:     2   Next: 65%
Magic:  2/2        EV: 12    Int:  8    God:
Gold:   46         SH:  5    Dex: 14    Spells: 1/1 levels left

rFire   . . .      SeeInvis .   a - +0 war axe
rCold   . . .      Faith    .   (no shield)
rNeg    . . .      Spirit   .   b - +0 leather armour
rPois   .          Reflect  +   c - +0 helmet
rElec   .          Harm     .   (no cloak)
rCorr   .          Rampage  .   (no gloves)
Will    .....                   (no boots)
Stlth   +.........              g - amulet of reflection
HPRegen 0.07/turn               (no ring)
MPRegen 0.08/turn               (no ring)

@: brilliant
A: no striking features
a: no special abilities


You were on level 3 of the Dungeon.
You visited 1 branch of the dungeon, and saw 3 of its levels.

You collected 46 gold pieces.

Inventory:

Hand Weapons
 a - a +0 war axe (weapon)
Missiles
 e - a javelin (quivered)
Armour
 b - a +0 leather armour (worn)
 c - a +0 helmet (worn)
Jewellery
 g - an amulet of reflection (around neck)
Scrolls
 h - a scroll of amnesia {unknown}
 i - a scroll of identify {unknown}
 j - a scroll of enchant weapon {unknown}
 k - a scroll of vulnerability {unknown}
 l - a scroll of fear {unknown}


   Skills:
 * Level 2.4 Fighting
 * Level 3.2 Axes
 + Level 2.1 Throwing
 + Level 3.1 Dodging


You had one spell level left.
You didn't know any spells.
Your spell library was empty.

Dungeon Overview and Level Annotations

Branches:
Dungeon (3/15)

Altars:

Annotations:
D:3 Ijyb


Message History

l - a scroll labelled JAPHIK RITOH Ijyb and a rat come into view.
Ijyb is wielding a +0 club and carrying a wand of flame (25).
Ijyb shouts!
You closely miss the rat. The rat bites you but does no damage.
You closely miss the rat.
A rat comes into view.
You block the rat's attack.
Okay, then.
You hit the rat but do no damage. The rat bites you but does no damage.
The rat misses you.
You closely miss the rat. The rat misses you.
You slash the rat!
You kill the rat!
Ijyb zaps a wand.
The puff of flame hits you. You block Ijyb's attack.
Throw: throwing net
Press: ? - help, Q - select action, (/) - cycle Shift-Dir - straight line, f - Ijyb
Aim: Ijyb, wielding a +0 club, wearing a +0 leather armour and carrying a wand of flame (24) (53% to hit)
You throw a throwing net. The throwing net barely misses Ijyb.
The throwing net hits the rat.
The rat is caught in the net!
The rat struggles against the net.
Ijyb zaps a wand.
The puff of flame hits you!
It was a potion of brilliance.
You feel clever all of a sudden. Ijyb hits you with a +0 club.
* * * LOW HITPOINT WARNING * * *
The rat struggles against the net.
Okay, then.
You barely miss Ijyb. Ijyb barely misses you.
The rat struggles against the net. x2; Ijyb closely misses you.
You closely miss Ijyb. Ijyb closely misses you.
The rat struggles against the net.
The net rips apart, and the rat comes free!
You barely miss Ijyb. Ijyb screams, "I cut your head off!"
Ijyb hits you but does no damage.
You barely miss Ijyb.
Ijyb zaps a wand.
The puff of flame hits you.
You die...

##.........####...##.#.#
###.......## ##.## .# #
##.....## #.###. #
##...## #.#.. # ##+##
#.#.# . #.#.###.# .#
#.......# .#
#.#.####.##### .#
#..rg@..# .# .....######
###


You could see Ijyb and a rat.

Vanquished Creatures
  An adder (D:3)
  A dart slug (D:3)
  A goblin (D:2)
  A ball python (D:3)
  A frilled lizard (D:3)
  A rat (D:3)
6 creatures vanquished.

Notes
Turn   | Place    | Note
-------+----------+-------------------------------------------
     0 | D:1      | Leszczynek the Human Gladiator began the quest for the Orb.
     0 | D:1      | Reached XP level 1. HP: 16/16 MP: 1/1
   110 | D:1      | You fall into a shaft and drop 1 floor!
   337 | D:3      | Reached XP level 2. HP: 23/23 MP: 2/2
   351 | D:3      | Noticed Ijyb
   361 | D:3      | HP: 4/23 [Ijyb/+0 club (3)]
   365 | D:3      | Killed from afar by Ijyb

Illustrated notes

Levels and vault maps discovered:
D:1:      lemuel_arrival_behind_the_door_small, layout_basic, serial_shops,
          nicolae_shop_hallway_plus, hellmonk_ecumenical_altar_defaced_shrine,
          hangedman_decor_growths, chequers_mini_garden
D:2:      cheibrodos_fertilizer, layout_basic, minmay_misc_feat_more_columns
D:3:      layout_loops_corners, grunt_temple_overflow_open,
          mainiacjoe_overflow_tiny_flanked, uniq_ijyb

Action                   || total
-------------------------++-------
Melee: War axe           ||    26
Throw: Throwing net      ||     4
  Use: Potion            ||     1
 Stab: Held in net/web   ||     1
Armor: Leather armour    ||     7
Dodge: Dodged            ||    16
Block: Other             ||     4

Table legend: (Time is in decaauts)
 A = Elapsed time spent in this place.
 B = Non-inter-level travel time spent in this place.
 C = Inter-level travel time spent in this place.
 D = Time resting spent in this place.
 E = Time spent auto-exploring this place.
 F = Levels seen in this place.
 G = Mean time per level.
                   A        B        C        D        E       F      G
               +--------+--------+--------+--------+--------+-----+--------+
         Total |    373 |    373 |      0 |    100 |      0 |   3 |  124.3 |
       Dungeon |    373 |    373 |      0 |    100 |      0 |   3 |  124.3 |
               +--------+--------+--------+--------+--------+-----+--------+

Top non-repeatable levels by time:
     D:3: 201 daAuts
     D:1: 110 daAuts
     D:2: 62 daAuts
